 Dungeon Crawl Stone Soup version 0.27.1-4-g1640c2035a (webtiles) character file.

Game seed: 1729331232599024564

116 vineage the Slasher (level 4, 34/34 HPs)
             Began as a Demonspawn Gladiator on Nov 17, 2021.
             Quit the game on level 5 of the Dungeon.
             The game lasted 00:04:19 (1703 turns).

vineage the Slasher (Demonspawn Gladiator)          Turns: 1703, Time: 00:04:20

Health: 34/34      AC:  9    Str: 16    XL:     4   Next: 69%
Magic:  4/4        EV: 16    Int:  9    God:
Gold:   76         SH:  0    Dex: 14    Spells: 3/3 levels left

rFire    . . .     SeeInvis .   a - +0 long sword
rCold    . . .     Faith    .   (no shield)
rNeg     . . .     Spirit   .   f - +0 chain mail
rPois    .         Reflect  .   c - +0 helmet
rElec    .         Harm     .   (no cloak)
rCorr    .         Rampage  .   (no gloves)
Will     .....                  (no boots)
Stlth    ..........             q - amulet of regeneration
HPRegen  1.11/turn              k - +4 ring of evasion
MPRegen  0.09/turn              l - +4 ring of evasion

@: no status effects
A: claws 1, foul stench 1, sturdy frame 1
a: no special abilities


You were on level 5 of the Dungeon.
You visited 1 branch of the dungeon, and saw 4 of its levels.

You collected 76 gold pieces.

Inventory:

Hand Weapons
 a - a +0 long sword (weapon)
Missiles
 d - 3 throwing nets (quivered)
Armour
 b - a +0 leather armour
 c - a +0 helmet (worn)
 f - a +0 chain mail (worn)
 n - a +0 kite shield
Jewellery
 e - a ring of resist corrosion
 k - a +4 ring of evasion (left claw)
 l - a +4 ring of evasion (right claw)
 q - an amulet of regeneration (around neck)
Wands
 r - a wand of iceblast (9)
Scrolls
 h - a scroll of magic mapping {unknown}
 o - 4 scrolls of teleportation
 p - a scroll of summoning {unknown}
Potions
 g - 2 potions of curing {unknown}
 i - 2 potions of invisibility
 j - a potion of cancellation {unknown}
 m - 2 potions of resistance {unknown}


   Skills:
 + Level 2.9 Fighting
 + Level 4.6 Long Blades
 - Level 1.7 Throwing
 - Level 2.6 Dodging


You had 3 spell levels left.
You didn't know any spells.
Your spell library contained the following spells:

 Spells                   Type           Power      Damage    Failure   Level
 Sublimation of Blood     Necr           0%         N/A       99%         2
 Wereblood                Tmut           0%         N/A       99%         2
 Summon Hydra             Summ           0%         N/A       100%        7


Dungeon Overview and Level Annotations

Branches:
Dungeon (3/15)

Altars:


Innate Abilities, Weirdness & Mutations

You have sharp fingernails.
You may rarely emit foul miasma when damaged in melee.
Your movements are slightly less encumbered by armour. (ER -2)


Message History

Things that are here:
a +0 club; a +0 club; an orc corpse
Found 17 stones.
A hound comes into view.
The hound barks!
You hit the hound but do no damage. The hound bites you but does no damage.
The hound bites you.
You hit the hound.
The hound is lightly wounded.
The hound closely misses you. The hound misses you.
You closely miss the hound.
The hound is lightly wounded.
The hound closely misses you.
You closely miss the hound.
The hound is lightly wounded.
The hound barely misses you.
You riposte.
You closely miss the hound.
The hound is lightly wounded.
The hound barely misses you.
You hit the hound.
The hound is moderately wounded.
The hound bites you. The hound bites you but does no damage.
You closely miss the hound.
The hound is moderately wounded.
The hound misses you. The hound closely misses you.
You hit the hound.
The hound is heavily wounded.
The hound bites you but does no damage.
The hound stops to sniff the ground.
The hound misses you.
You riposte.
You slash the hound!
You kill the hound!
No target in view!
No target in view!
No target in view!
No target in view!
No target in view!
No target in view!
No target in view!
No target in view!
No target in view!
Are you sure you want to abandon this character and quit the game? (Confirm with "yes".)

.......
.......##
........# #.#
# #.### ## #
#. #)##. .##.#
#..##.##.#...
#.....##...#
#...#..##@#
......###....#
..##.. #....##
. #.#...##.#
..##.# #.# ##
#. #.# #( #.#
. #.# . #.#


There were no monsters in sight!

Vanquished Creatures
  A hound (D:5)
  Ijyb (D:3)
  An adder (D:2)
  2 orcs (D:5)
  4 ball pythons
  4 endoplasms
  3 giant cockroaches
  3 goblins
  5 hobgoblins
  4 jackals (D:2)
  5 quokkas
  5 bats
  2 frilled lizards (D:1)
  7 rats
47 creatures vanquished.

Vanquished Creatures (others)
  4 withered plants (D:3)
4 creatures vanquished.

Grand Total: 51 creatures vanquished

Notes
Turn   | Place    | Note
-------+----------+-------------------------------------------
     0 | D:1      | vineage the Demonspawn Gladiator began the quest for the
                  | Orb.
     0 | D:1      | Reached XP level 1. HP: 16/16 MP: 1/1
     2 | D:1      | You fall into a shaft and drop 1 floor!
   137 | D:2      | Reached skill level 3 in Long Blades
   206 | D:2      | Gained mutation: You may rarely emit foul miasma when
                  | damaged in melee. [demonic ancestry]
   206 | D:2      | Reached XP level 2. HP: 15/22 MP: 2/2
   905 | D:2      | Gained mutation: Your movements are slightly less
                  | encumbered by armour. (ER -2) [demonic ancestry]
   905 | D:2      | Reached XP level 3. HP: 28/28 MP: 3/3
  1201 | D:1      | Found a faded altar of an unknown god.
  1364 | D:1      | Reached skill level 4 in Long Blades
  1631 | D:3      | Noticed Ijyb
  1659 | D:3      | Killed Ijyb
  1660 | D:3      | Gained mutation: You have sharp fingernails. [demonic
                  | ancestry]
  1660 | D:3      | Reached XP level 4. HP: 19/34 MP: 4/4
  1679 | D:3      | You fall into a shaft and drop 2 floors!
  1679 | D:5      | Entered Level 5 of the Dungeon
  1703 | D:5      | Quit the game

Illustrated notes

Levels and vault maps discovered:
D:1:      dpeg_arrival_solitude, layout_rooms,
          hellmonk_ecumenical_altar_lost_god, minmay_vboxes
D:2:      layout_basic, hangedman_glass_teeth, minmay_strange_pillars
D:3:      layout_basic, chequers_temple_overflow_statue_of_worship,
          serial_undead, serial_undead_c, serial_undead_b, serial_undead_b,
          serial_undead_d, serial_undead_c, serial_undead_c, serial_undead_b,
          serial_undead_c, uniq_grinder, uniq_ijyb
D:5:      layout_loops_ring, nicolae_ossuary_entry_ruins

Skill      XL: |  1  2  3 |
---------------+----------+-----
Long Blades    | 3 4 |  4.6
Fighting       | |  2.9
Throwing       | |  1.7
Dodging        | |  2.6

Action                   |  1- 3 |  4- 6 || total
-------------------------+-------+-------++-------
Melee: Long sword        |   118 |    11 ||   129
  Use: Scroll            |     5 |       ||     5
Armor: Chain mail        |    47 |     3 ||    50
       Leather armour    |     4 |       ||     4
Dodge: Dodged            |    76 |     8 ||    84
       Rpst.: Long sword |    26 |     2 ||    28
